 Dungeon Crawl Stone Soup version 0.30-a0-358-g0d69a1922f (webtiles) character file.

Game seed: 4853816771474751312

243 billz999 the Skirmisher (level 6, -12/50 HPs)
             Began as a Gnoll Hunter on Nov 9, 2022.
             Mangled by an orc warrior
             ... wielding a +2 vorpal dire flail
              (16 damage)
             ... on level 3 of the Dungeon.
             The game lasted 00:07:00 (2193 turns).

billz999 the Skirmisher (Gnoll Hunter)              Turns: 2193, Time: 00:07:00

Health: -12/50     AC:  3    Str: 10    XL:     6   Next: 9%
Magic:  8/8        EV: 14    Int:  8    God:
Gold:   107        SH:  0    Dex: 18    Spells: 8/8 levels left

rFire   . . .      SeeInvis .    l - +0 dagger (elec)
rCold   . . .      Faith    .    (no shield)
rNeg    . . .      Spirit   .    c - +0 leather armour
rPois   .          Reflect  .    (no helmet)
rElec   .          Harm     .    (no cloak)
rCorr   .          Rampage  .    (no gloves)
Will    .....                    (no boots)
Stlth   ++........               s - amulet of the acrobat
HPRegen 0.28/turn                (no ring)
MPRegen 0.11/turn                (no ring)

@: invisible
A: fangs 1, strong nose, distributed training
a: no special abilities


You were on level 3 of the Dungeon.
You visited 1 branch of the dungeon, and saw 4 of its levels.

You collected 107 gold pieces.

Inventory:

Hand Weapons
 a - a +0 shortbow
 l - a +0 dagger of electrocution (weapon)
Armour
 c - a +0 leather armour (worn)
Magical Staves
 q - a staff of conjuration
Jewellery
 i - a ring of ice
 s - an amulet of the acrobat (around neck)
Scrolls
 b - a scroll of immolation
 d - a scroll of noise
 f - 2 scrolls of amnesia
 j - a scroll of magic mapping
 n - a scroll of teleportation {unknown}
Potions
 h - 3 potions of flight
 k - a potion of degeneration {unknown}
 m - a potion of might {unknown}
 o - 2 potions of brilliance {unknown}
 p - a potion of haste {unknown}


   Skills:
 + Level 4.9 Fighting
 + Level 1.9 Short Blades
 + Level 1.9 Long Blades
 + Level 1.9 Axes
 + Level 1.9 Maces & Flails
 + Level 1.9 Polearms
 + Level 1.9 Staves
 + Level 8.7 Ranged Weapons
 + Level 1.9 Throwing
 + Level 1.9 Armour
 + Level 4.9 Dodging
 + Level 3.0 Stealth
 + Level 1.9 Shields
 + Level 1.9 Unarmed Combat
 + Level 1.9 Spellcasting
 + Level 1.5 Conjurations
 + Level 1.5 Hexes
 + Level 1.5 Summonings
 + Level 1.5 Necromancy
 + Level 1.5 Translocations
 + Level 1.5 Transmutations
 + Level 1.5 Fire Magic
 + Level 1.5 Ice Magic
 + Level 1.5 Air Magic
 + Level 1.5 Earth Magic
 + Level 1.5 Poison Magic
 + Level 2.1 Invocations
 + Level 1.9 Evocations


You had 8 spell levels left.
You didn't know any spells.
Your spell library contained the following spells:

 Spells                   Type           Power      Damage    Failure   Level
 Foxfire                  Conj/Fire      12%        2x1d4     26%         1
 Cigotuvi's Dreadful Rot  Necr/Pois/Air  6%         N/A       36%         2
 Ozocubu's Armour         Ice            3%         N/A       61%         3
 Dispel Undead            Necr           3%         3d7       95%         4
 Fireball                 Conj/Fire      1%         3d3       100%        5
 Metabolic Englaciation   Hex/Ice        1%         N/A       100%        5
 Death Channel            Necr           1%         N/A       100%        6
 Simulacrum               Ice/Necr       1%         N/A       100%        6
 Starburst                Conj/Fire      1%         6d3       100%        6


Dungeon Overview and Level Annotations

Branches:
Dungeon (4/15)
 Temple: D:4-7

Altars:
Elyvilon


Innate Abilities, Weirdness & Mutations

You have very sharp teeth.
Your uncanny sense of smell can sniff out nearby items.
Your experience applies equally to all skills.


Message History

Things that are here:
a +0 dagger; a goblin corpse Partly explored, can't reach some places.
Partly explored, can't reach some places.
Partly explored, can't reach some places.
(D) Dungeon
Where to? (Enter - D:3, ? - help)
What level of the Dungeon? (default 1, ? - help)
There is a stone staircase leading up here.
There is a stone staircase leading down here.
You climb downwards.
There is a stone staircase leading up here.
An orc warrior is nearby!
You shoot an arrow.
The arrow hits the orc warrior but does no damage.
The orc warrior shouts!
You hear an angry growl.
You shoot an arrow.
The arrow closely misses the orc warrior.
A black bear comes into view.
You shoot an arrow.
The arrow hits the orc warrior but does no damage.
You shoot an arrow.
The arrow barely misses the orc warrior.
The arrow closely misses the black bear.
The orc warrior hits you with a +2 vorpal dire flail!!
You climb upwards.
There is a stone staircase leading down here.
q - a staff of conjuration (weapon)
You hear the crackle of electricity.
l - a +0 dagger of electrocution (weapon)
The orc warrior hits you with a +2 vorpal dire flail!
You hit the orc warrior but do no damage.
The orc warrior barely misses you.
You hit the orc warrior but do no damage.
The orc warrior hits you with a +2 vorpal dire flail!
* * * LOW HITPOINT WARNING * * *
x2
Okay, then.
You fade into invisibility!
The orc warrior hits you with a +2 vorpal dire flail!
You die...

........###....##################
.........##......................
.........##...<##################
......<........# #######........#
# ##...#.....# # #..#.#..#### #
#.##.##..####### #
###)##..##....@o.#### #
#.).###.########....## ∆ # #.###
#..## ####..## ###.# ##..# ##..#
#...# ##.############# #.###
#<.............#
#.########....########..#
.............^..........#
..###########....#####..# ♣


You could see an orc warrior (unable to see you).

Vanquished Creatures
  A steam dragon (D:3)
  Jessica (D:3)
  2 adders
  2 dart slugs (D:1)
  2 bats
  8 endoplasms
  2 giant cockroaches
  7 goblins
  8 hobgoblins
  2 jackals (D:2)
  4 quokkas
  7 ball pythons
  4 frilled lizards
  6 kobolds
  6 rats
62 creatures vanquished.

Notes
Turn   | Place    | Note
-------+----------+-------------------------------------------
     0 | D:1      | billz999 the Gnoll Hunter began the quest for the Orb.
     0 | D:1      | Reached XP level 1. HP: 20/20 MP: 1/1
    44 | D:1      | Reached XP level 2. HP: 26/26 MP: 2/2
   260 | D:1      | Reached XP level 3. HP: 31/31 MP: 3/3
   432 | D:2      | Reached skill level 1 in Invocations
   532 | D:2      | Reached skill level 1 in Short Blades
   532 | D:2      | Reached skill level 1 in Long Blades
   532 | D:2      | Reached skill level 1 in Axes
   532 | D:2      | Reached skill level 1 in Maces & Flails
   532 | D:2      | Reached skill level 1 in Polearms
   532 | D:2      | Reached skill level 1 in Staves
   532 | D:2      | Reached skill level 1 in Throwing
   532 | D:2      | Reached skill level 1 in Armour
   532 | D:2      | Reached skill level 1 in Shields
   532 | D:2      | Reached skill level 1 in Unarmed Combat
   532 | D:2      | Reached skill level 1 in Spellcasting
   532 | D:2      | Reached skill level 1 in Evocations
   535 | D:2      | Found a white marble altar of Elyvilon.
   700 | D:2      | Reached XP level 4. HP: 38/38 MP: 5/5
   882 | D:3      | Noticed Jessica
   889 | D:3      | Killed Jessica
   890 | D:3      | Reached skill level 1 in Conjurations
   890 | D:3      | Reached skill level 1 in Hexes
   890 | D:3      | Reached skill level 1 in Summonings
   890 | D:3      | Reached skill level 1 in Necromancy
   890 | D:3      | Reached skill level 1 in Translocations
   890 | D:3      | Reached skill level 1 in Transmutations
   890 | D:3      | Reached skill level 1 in Fire Magic
   890 | D:3      | Reached skill level 1 in Ice Magic
   890 | D:3      | Reached skill level 1 in Air Magic
   890 | D:3      | Reached skill level 1 in Earth Magic
   890 | D:3      | Reached skill level 1 in Poison Magic
  1034 | D:3      | Identified the +1 helmet of the Morning {Str-5 Int+4
                  | Slay+5}
  1200 | D:3      | Noticed a steam dragon
  2028 | D:3      | Killed a steam dragon
  2029 | D:3      | Reached XP level 5. HP: 24/43 MP: 7/7
  2029 | D:3      | Reached XP level 6. HP: 28/50 MP: 8/8
  2182 | D:4      | Noticed an orc warrior
  2184 | D:4      | Noticed a black bear
  2193 | D:3      | Mangled by an orc warrior

Illustrated notes

Levels and vault maps discovered:
D:1:      dpeg_arrival_simpleton_c, layout_rooms
D:2:      layout_rooms, basic_altar
D:3:      layout_rooms, uniq_crazy_yiuf_cottage, uniq_jessica
D:4:      layout_rooms, trog_ov_bears_minmay, kennysheep_another_room,
          guppyfry_early_orc_mine

Skill      XL: |  1  2  3  4 |
---------------+-------------+-----
Invocations    | 1 2 |  2.1
Short Blades   | 1 |  1.9
Long Blades    | 1 |  1.9
Axes           | 1 |  1.9
Maces & Flails | 1 |  1.9
Polearms       | 1 |  1.9
Staves         | 1 |  1.9
Throwing       | 1 |  1.9
Armour         | 1 |  1.9
Shields        | 1 |  1.9
Unarmed Combat | 1 |  1.9
Spellcasting   | 1 |  1.9
Evocations     | 1 |  1.9
Conjurations   | 1 |  1.5
Hexes          | 1 |  1.5
Summonings     | 1 |  1.5
Necromancy     | 1 |  1.5
Translocations | 1 |  1.5
Transmutations | 1 |  1.5
Fire Magic     | 1 |  1.5
Ice Magic      | 1 |  1.5
Air Magic      | 1 |  1.5
Earth Magic    | 1 |  1.5
Poison Magic   | 1 |  1.5
Stealth        | 3 |  3.0
Fighting       | |  4.9
Ranged Weapons | |  8.7
Dodging        | |  4.9

Action                   |  1- 3 |  4- 6 || total
-------------------------+-------+-------++-------
Melee: Dagger            |       |     3 ||     3
 Fire: Shortbow          |    85 |    64 ||   149
Evoke: Wand              |       |     1 ||     1
  Use: Scroll            |       |     4 ||     4
       Potion            |       |     2 ||     2
Armor: Leather armour    |     4 |     1 ||     5
Dodge: Dodged            |     6 |    10 ||    16

Table legend: (Time is in decaauts)
 A = Elapsed time spent in this place.
 B = Non-inter-level travel time spent in this place.
 C = Inter-level travel time spent in this place.
 D = Time resting spent in this place.
 E = Time spent auto-exploring this place.
 F = Levels seen in this place.
 G = Mean time per level.
                   A        B        C        D        E       F      G
               +--------+--------+--------+--------+--------+-----+--------+
         Total |   2210 |   2139 |     71 |    549 |   1245 |   4 |  552.5 |
       Dungeon |   2210 |   2139 |     71 |    549 |   1245 |   4 |  552.5 |
               +--------+--------+--------+--------+--------+-----+--------+

Top non-repeatable levels by time:
     D:3: 1095 daAuts
     D:2: 713 daAuts
     D:1: 395 daAuts
     D:4: 6 daAuts
